AoeStats
← ScottPuppy

Arabia

510216828Analyzed
1v1 RM · 1d ago on Sep 30, 2026· 22m 6s· 2 players
Game mode
Random Map
Map size
Tiny (2 player)
Population
200
Speed
Normal
Resources
Standard
Victory
Conquest
Starting age
Dark Age
Ending age
Imperial Age
RankedLock teamsTeams togetherTeam positionsShared explorationLock speedFull tech treeHidden civsTurbo modeCheats
Victory
Defeat
🇺🇸 Khmer · United States
835
+15
🇲🇽 Huns · Mexico
822
-15
JamonRush
6:10 Loom
11:18 Feudal Age
16:43 Castle Age
ScottPuppy
4:44 Loom
10:15 Feudal Age
10:42 Double-Bit Axe
10:48 Horse Collar
18:14 Castle Age
17:01 Bloodlines
19:40 Wheelbarrow
19:31 Scale Barding Armor
20:00 Husbandry
20:48 Forging
Connection lost

Rejoining the realm…

Still unreachable

The connection could not be restored.

Session expired

The server has moved on; the page needs a fresh start.